 Dungeon Crawl Stone Soup version 0.27-a0-998-g4cfe56dd59 (webtiles) character file.

Game seed: 568310525344399352

39 Arsuriii the Poker (level 3, -1/28 HPs)
             Began as a Merfolk Gladiator on Apr 17, 2021.
             Slain by a gnoll
             ... wielding a +0 flail
              (6 damage)
             ... on level 2 of the Dungeon on Apr 21, 2021.
             The game lasted 00:18:51 (1682 turns).

Arsuriii the Poker (Merfolk Gladiator)              Turns: 1682, Time: 00:18:52

Health: -1/28      AC:  4    Str: 15    XL:     3   Next: 45%
Magic:  3/3        EV: 13    Int:  7    God:
Gold:   75         SH:  0    Dex: 15    Spells: 2/2 levels left

rFire    + . .     SeeInvis .   a - +0 trident
rCold    x . .     Faith    .   (no shield)
rNeg     . . .     Spirit   .   b - +0 leather armour
rPois    .         Reflect  .   c - +0 helmet
rElec    .         Harm     .   (no cloak)
rCorr    .         Rampage  .   (no gloves)
Will     .....                  (no boots)
Stlth    +.........             (no amulet)
HPRegen  0.09/turn              i - ring of fire
MPRegen  0.08/turn              (no ring)

@: no status effects
A: (nimble swimmer 2), mertail
a: no special abilities


You were on level 2 of the Dungeon.
You visited 1 branch of the dungeon, and saw 2 of its levels.

You collected 75 gold pieces.

Inventory:

Hand Weapons
 a - a +0 trident (weapon)
Missiles
 d - 2 throwing nets (quivered)
Armour
 b - a +0 leather armour (worn)
 c - a +0 helmet (worn)
Jewellery
 i - a ring of fire (left hand)
Scrolls
 h - a scroll of magic mapping {unknown}
Potions
 e - a potion of cancellation {unknown}
 g - a potion of curing {unknown}


   Skills:
 + Level 2.5 Fighting
 + Level 5.3 Polearms
 + Level 2.1 Throwing
 + Level 0.5 Armour
 + Level 4.4 Dodging
 + Level 0.1 Stealth


You had 2 spell levels left.
You didn't know any spells.
Your spell library was empty.

Dungeon Overview and Level Annotations

Branches:
Dungeon (2/15)

Altars:


Innate Abilities, Weirdness & Mutations

((You are quick and stealthy near water. (Stealth+, EV+, Speed+++)))
Your lower body shifts to a powerful aquatic tail in water.


Message History

A kobold comes into view. It is wielding a +0 whip.
Things that are here:
a +1 vampiric halberd; a gnoll corpse You feel more attuned to fire.
i - a ring of fire (left hand) It was a potion of ambrosia.
You are confused.
You feel invigorated. The gnoll closely misses you.
You closely miss the gnoll. The gnoll misses you.
You miss the gnoll. The gnoll closely misses you. x2
The gnoll hits you with a +0 club.
You barely miss the gnoll. The frilled lizard barely misses you.
You closely miss the frilled lizard.
You feel less invigorated.
You feel less confused. The gnoll hits you but does no damage.
The frilled lizard bites you but does no damage.
The gnoll misses you.
The kobold shouts!
You hit the frilled lizard.
You kill the frilled lizard!
The gnoll completely misses you.
A kobold comes into view. It is wielding a +0 short sword.
The gnoll closely misses you.
You hit the gnoll.
The gnoll is lightly wounded.
The gnoll barely misses you.
The kobold throws a stone.
The stone barely misses you. The gnoll completely misses you.
You hit the gnoll.
The gnoll is moderately wounded.
The gnoll closely misses you. The gnoll hits you with a +0 flail!
You puncture the gnoll!
The gnoll is almost dead.
The gnoll barely misses you. The gnoll hits you with a +0 flail!
You barely miss the gnoll.
The gnoll is almost dead.
The gnoll hits you with a +0 club.
* * * LOW HITPOINT WARNING * * *
The kobold throws a stone.
The stone closely misses you. The gnoll hits you with a +0 flail.
You die...

#... ... .. ##...
###.. ... .....###...
..# .#..!.....##.##.
................
................
...#..............
.....#.....@†.......
#..........gg.......
#......#.##.)#..K...
#......#.##.!#.K....
.........##.........
.##.....#............
....#............###.
.....................
............#.....##.


You could see 2 gnolls and 2 kobolds.

Vanquished Creatures
  A gnoll (D:2)
  3 endoplasms (D:1)
  A giant cockroach (D:1)
  4 goblins (D:1)
  2 hobgoblins (D:1)
  3 jackals (D:1)
  A quokka (D:1)
  4 ball pythons (D:1)
  A bat (D:1)
  2 frilled lizards
  2 kobolds (D:1)
24 creatures vanquished.

Notes
Turn   | Place    | Note
-------+----------+-------------------------------------------
     0 | D:1      | Arsuriii the Merfolk Gladiator began the quest for the Orb.
     0 | D:1      | Reached XP level 1. HP: 16/16 MP: 1/1
   230 | D:1      | Reached XP level 2. HP: 10/22 MP: 2/2
   634 | D:1      | Reached skill level 5 in Polearms
   804 | D:1      | Reached XP level 3. HP: 22/28 MP: 3/3
  1682 | D:2      | Slain by a gnoll

Illustrated notes

Levels and vault maps discovered:
D:1:      minmay_arrival_five_plusses, layout_loops_ring
D:2:      minmay_inner_zag, layout_basic, basic_altar, kennysheep_another_room,
          minmay_ruptured

Skill      XL: |  1  2 |
---------------+-------+-----
Polearms       | 5 |  5.3
Fighting       | |  2.5
Throwing       | |  2.1
Armour         | |  0.5
Dodging        | |  4.4
Stealth        | |  0.1

Action                   || total
-------------------------++-------
Melee: Trident           ||    83
Throw: Throwing net      ||     4
  Use: Potion            ||     2
 Stab: Sleeping          ||     2
Armor: Leather armour    ||    11
Dodge: Dodged            ||    75

Table legend: (Time is in decaauts)
 A = Elapsed time spent in this place.
 B = Non-inter-level travel time spent in this place.
 C = Inter-level travel time spent in this place.
 D = Time resting spent in this place.
 E = Time spent auto-exploring this place.
 F = Levels seen in this place.
 G = Mean time per level.
                   A        B        C        D        E       F      G
               +--------+--------+--------+--------+--------+-----+--------+
         Total |   1678 |   1659 |     19 |    200 |    210 |   2 |  839.0 |
       Dungeon |   1678 |   1659 |     19 |    200 |    210 |   2 |  839.0 |
               +--------+--------+--------+--------+--------+-----+--------+

Top non-repeatable levels by time:
     D:1: 1646 daAuts
     D:2: 31 daAuts
